 Dungeon Crawl Stone Soup version 0.32-a0-630-g46d191b0ed (webtiles) character file.

Game seed: 17269008306937278161

341 mdonais the Trooper (level 6, -3/68 HPs)
             Began as an Oni Wanderer on Mar 6, 2024.
             Was an Initiate of Beogh.
             Killed from afar by a gnoll (10 damage)
             ... with a bolt of light
             ... on level 4 of the Dungeon.
             The game lasted 00:15:19 (6017 turns).

mdonais the Trooper (Oni Wanderer)                  Turns: 6017, Time: 00:15:20

Health: -3/68      AC:  3    Str: 15    XL:     6   Next: 56%
Magic:  16/16      EV:  8    Int: 15    God:    Beogh [......]
Gold:   203        SH:  0    Dex: 10    Spells: 6/7 levels left

rFire   . . .        a - +0 short sword
rCold   . . .        e - +2 kite shield
rNeg    . . .        d - +0 robe
rPois   .            g - +0 hat
rElec   .            (no cloak)
rCorr   .            (gloves unavailable)
SInv    .            (boots unavailable)
Will    .....        (no amulet)
Stlth   +            n - ring of magical power
HPRegen 0.31/turn    (no ring)
MPRegen 0.15/turn

%: no passive effects
@: confused
A: large, unfitting armour, horns 1, tough skin 1, double potion healing,
drunken brawling
a: Renounce Religion


You were on level 4 of the Dungeon.
You worshipped Beogh.
Beogh was noncommittal.
You visited 1 branch of the dungeon, and saw 4 of its levels.

You collected 203 gold pieces.

Inventory:

Hand Weapons
 a - a +0 short sword (weapon)
   (You found it on level 1 of the Dungeon)
 b - a +0 sling
   (You found it on level 1 of the Dungeon)
 c - a +0 club
 j - a +0 long sword
   (You found it on level 2 of the Dungeon)
 m - a +0 hand axe
   (You found it on level 2 of the Dungeon)
Missiles
 t - 5 boomerangs
Armour
 d - a +0 robe (worn)
 e - a +2 kite shield (worn)
 g - a +0 hat (worn)
Magical Staves
 k - a staff of conjuration
   (You found it on level 2 of the Dungeon)
 p - a staff of alchemy
   (You found it on level 4 of the Dungeon)
Jewellery
 n - a ring of magical power (left hand)
   (You found it on level 3 of the Dungeon)
Scrolls
 f - a scroll of silence {unknown}
 h - a scroll of poison
 l - a scroll of revelation {unknown}
 o - a scroll of fear {unknown}
 T - a scroll of teleportation


   Skills:
 + Level 6.8 Fighting
 - Level 1.0 Dodging
 - Level 1.4 Stealth
 - Level 4.0 Shields
 - Level 1.2 Spellcasting
 - Level 1.7 Earth Magic
 - Level 1.0 Evocations


You had 6 spell levels left.
You knew the following spells:

 Your Spells              Type           Power      Damage    Failure   Level
a - Sandblast             Erth           12%        2d6       34%         1

Your spell library contained the following spells:

 Spells                   Type           Power      Damage    Failure   Level
 Passwall                 Erth           6%         N/A       71%         3
 Call Imp                 Summ           0%         N/A       73%         2
 Static Discharge         Conj/Air       0%         3-3/arc   73%         2
 Sublimation of Blood     Necr           0%         N/A       73%         2
 Airstrike                Air            0%         2d(0-16)  100%        4
 Summon Lightning Spire   Summ/Air       0%         N/A       100%        4
 Vhi's Electric Charge    Tloc/Air       0%         N/A       100%        4
 Arcjolt                  Conj/Air       0%         1d10      100%        5
 Plasma Beam              Fire/Air       0%         2x1d10    100%        6
 Summon Hydra             Summ           0%         N/A       100%        7


Dungeon Overview and Level Annotations

Branches:
Dungeon (4/15) Zot: 17886
 Temple: D:4-7

Altars:

Annotations:
D:3 Ijyb


Innate Abilities, Weirdness & Mutations

You are too large for most types of armour.
You have a pair of small horns on your head.
You have tough skin. (AC +1)
You gain doubled healing and magic from potions.
Whenever you drink a healing potion, you attack all around you.


Message History

Press: ? - help, Q - select action, (/) - cycle Shift-Dir - straight line, f/p - dart slug
Aim: a dart slug (93% to hit)
You throw a javelin.
The javelin pierces through the orc but does no damage.
The orc is moderately wounded.
The javelin closely misses the adder.
The javelin pierces through the giant cockroach but does no damage.
The javelin pierces through the dart slug.
The dart slug is heavily wounded.
You hear a shout!
The orc closely misses you.
An orc wizard comes into view. It is wielding a +0 dagger.
The orc closely misses you.
You hear a shout! x4
Throw: 3 javelins
Press: ? - help, Q - select action, (/) - cycle Shift-Dir - straight line, f - orc wizard, p - dart slug
Aim: an orc wizard, wielding a +0 dagger and wearing a +0 robe (wandering, hasn't noticed you, 47% to hit)
You throw a javelin. The javelin closely misses the orc.
The javelin barely misses the adder.
The orc wizard shouts!
The javelin pierces through the giant cockroach but does no damage.
The javelin pierces through the quokka.
The quokka is almost dead.
The javelin misses the orc wizard.
The orc hits you with a +0 flail.
The orc wizard mumbles some strange words.
The orc wizard flickers and vanishes!
Deactivating autopickup; reactivate with Ctrl-A.
You take 2 damage, and have 57/68 hp.
Throw: 2 javelins
Press: ? - help, Q - select action, (/) - cycle Shift-Dir - straight line You throw a javelin.
The javelin barely misses the orc.
The javelin pierces through the adder!
You kill the adder!
Beogh accepts your kill.
The javelin closely misses the giant cockroach.
The javelin completely misses the quokka.
The orc hits you with a +0 flail.
An orc wizard comes into view. It is wielding a +0 dagger.
The orc hits you with a +0 flail.
You take 8 damage, and have 49/68 hp.
Throw: javelin
Press: ? - help, Q - select action, (/) - cycle Shift-Dir - straight line, f - orc wizard
Aim: an orc wizard, wielding a +0 dagger and wearing a +0 robe (47% to hit)
You throw a javelin. The javelin barely misses the orc.
The javelin pierces through the giant cockroach.
You kill the giant cockroach!
Beogh accepts your kill.
The javelin pierces through the dart slug.
You kill the dart slug!
Beogh accepts your kill.
The javelin closely misses the orc wizard.
The orc hits you but does no damage.
A gnoll comes into view.
It is wielding a +0 halberd and carrying a wand of light.
Training target 4.0 for Shields reached!
Your Shields skill increases to level 4!
Throw: 2 javelins (silver)
Press: ? - help, Q - select action, (/) - cycle Shift-Dir - straight line, f/p - orc wizard
Aim: an orc wizard, wielding a +0 dagger and wearing a +0 robe (47% to hit)
You throw a silver javelin.
The silver javelin pierces through the orc.
You kill the orc!
Beogh accepts your kill.
The silver javelin closely misses the quokka.
The silver javelin completely misses the gnoll.
The silver javelin closely misses the orc wizard.
You hear some strange, mumbled words.
Something tries to affect you, but you resist.
An orc wizard comes into view. It is wielding a +0 dagger.
Throw: javelin (silver)
Press: ? - help, Q - select action, (/) - cycle Shift-Dir - straight line, f - orc wizard, p - orc wizard
Aim: an orc wizard, wielding a +0 dagger and wearing a +0 robe (47% to hit)
You throw a silver javelin.
The silver javelin closely misses the gnoll.
The silver javelin pierces through the orc wizard!
The orc wizard is severely wounded.
The silver javelin pierces through the orc wizard but does no damage.
The orc wizard is lightly wounded.
You hear a shout!
An orc comes into view. It is wielding a +0 mace.
A quokka comes into view.
You block the gnoll's attack.
The orc wizard casts a spell.
The orc wizard flickers and vanishes!
Something hits you.
You hear a shout!
You take 1 damage, and have 49/68 hp.
You hit something but do no damage. Your headbutt misses something.
You block something's attack.
The gnoll zaps a wand.
The bolt of light hits something!
The bolt of light hits you!!
You are confused.
You take 19 damage, and have 30/68 hp.
MASSIVE DAMAGE!!
You are too confused!
You take a swig of the potion and twirl your +0 short sword.
You miss something. Your headbutt misses something.
It was a potion of curing.
You savour every drop.
You feel better. Something hits you. The gnoll barely misses you.
You regained 10 hp, and now have 40/68 hp.
You aren't carrying any items that you can evoke.
Unknown command.
Okay, then.
Unknown command.
The orc wizard casts a spell.
The orc wizard flickers and vanishes!
Throw: 2 darts (poison)
Press: ? - help, Q - select action, (/) - cycle Shift-Dir - straight line, f - orc
Aim: an orc, wielding a +0 mace and wearing a +0 chain mail (64% to hit)
You throw a poisoned dart.
The poisoned dart barely misses the gnoll.
The poisoned dart barely misses the orc.
Something hits you. You block the gnoll's attack.
You take 1 damage, and have 39/68 hp.
Throw: dart (poison)
Press: ? - help, Q - select action, (/) - cycle Shift-Dir - straight line, f - quokka, p - orc
Aim: a quokka (43% to hit)
You throw a poisoned dart. Something hits you but does no damage.
The gnoll zaps a wand.
The bolt of light hits you!
You take 11 damage, and have 28/68 hp.
You hit something. Beogh accepts your kill.
Reactivating autopickup.
You feel a bit more experienced.
The gnoll zaps a wand.
The bolt of light hits you!
You are confused.
* * * LOW HITPOINT WARNING * * *
You hear an angry hiss.
You take 13 damage, and have 15/68 hp.
You aren't carrying any potions.
You are too confused!
You bump into the rock wall.
The gnoll hits you from afar with a +0 halberd.
* * * LOW HITPOINT WARNING * * *
An adder comes into view.
You take 2 damage, and have 13/68 hp.
You are too confused!
You feel less confused.
The gnoll zaps a wand.
The bolt of light hits you!
You are confused.
* * * LOW HITPOINT WARNING * * *
You take 6 damage, and have 7/68 hp.
You aren't carrying any potions.
You're too confused to move!
You bump into the rock wall.
The gnoll zaps a wand.
The bolt of light hits you!
You die...

####........<#
# ####..#####
##..####
##....###
####...##
###..## ##..#
##.# ##@# #..#
#g## #)# #†#
#{#


ro# .r## ..( You could see a gnoll, an orc and 2 quokkas.

Vanquished Creatures
  An ogre (D:4)
  An orc priest (D:4)
  Jessica (D:3)
  An orc wizard (D:4)
  Natasha (thrice) (D:2)
  4 adders
  4 dart slugs
  4 orcs
  2 ball pythons (D:3)
  4 bats (D:1)
  5 endoplasms
  3 giant cockroaches
  4 goblins
  2 hobgoblins
  11 kobolds
  9 quokkas
  4 frilled lizards
  6 rats
69 creatures vanquished.

Notes
Turn   | Place    | Note
-------+----------+-------------------------------------------
     0 | D:1      | mdonais the Oni Wanderer began the quest for the Orb.
     0 | D:1      | mdonais set off with the following items: a +0 club, a +0
                  | hat, a +0 robe, a +2 kite shield, a scroll of
                  | teleportation; and the following spell memorised:
                  | Sandblast; and the following spells available to memorise:
                  | Passwall.
     0 | D:1      | Reached XP level 1. HP: 19/19 MP: 2/2
    10 | D:1      | Reached skill level 2 in Fighting
    53 | D:1      | Reached XP level 2. HP: 19/29 MP: 3/3
   156 | D:1      | Reached skill level 3 in Fighting
   628 | D:1      | Reached XP level 3. HP: 33/39 MP: 4/4
   696 | D:1      | Reached skill level 4 in Fighting
  1010 | D:2      | Found a faded altar of an unknown god.
  1882 | D:3      | Noticed Natasha
  1937 | D:2      | Killed Natasha
  1938 | D:2      | Reached XP level 4. HP: 27/49 MP: 5/5
  2038 | D:3      | Noticed Ijyb
  2533 | D:3      | Became a worshipper of Beogh the Shepherd
  2664 | D:3      | Reached skill level 5 in Fighting
  2921 | D:3      | Noticed Jessica
  2929 | D:3      | Killed Jessica
  2930 | D:3      | Reached XP level 5. HP: 57/57 MP: 6/6
  3405 | D:2      | Found a faded altar of an unknown god.
  3727 | D:2      | Noticed Natasha
  3745 | D:2      | Killed Natasha
  5015 | D:2      | Noticed Natasha
  5228 | D:2      | Killed Natasha
  5670 | D:4      | Reached skill level 6 in Fighting
  5670 | D:4      | Reached XP level 6. HP: 37/67 MP: 7/7
  6017 | D:4      | Killed from afar by a gnoll

Illustrated notes

Levels and vault maps discovered:
D:1:      dpeg_arrival_oval, layout_loops_ring
D:2:      layout_loops_corners, chequers_ecumenical_altar_lobes,
          hangedman_abyss_or_decor_stabs, glass_columns_a
D:3:      layout_loops_corners, hangedman_decor_clover_reticule, uniq_ijyb,
          uniq_natasha, uniq_jessica
D:4:      layout_rooms

Skill      XL: |  1  2  3  4  5  6 |
---------------+-------------------+-----
Fighting       | 2 3 4 5 6 |  6.8
Shields        | 2 3 4 |  4.0
Dodging        | |  1.0
Stealth        | |  1.4
Spellcasting   | |  1.2
Earth Magic    | |  1.7
Evocations     | |  1.0

Action                     |  1- 3 |  4- 6 || total
---------------------------+-------+-------++-------
  Melee: Short sword       |    91 |   161 ||   252
         Headbutt          |    20 |    30 ||    50
         Club              |     3 |       ||     3
   Fire: Sling             |    28 |    18 ||    46
  Throw: Javelin           |       |    12 ||    12
         Dart              |       |     6 ||     6
   Cast: Sandblast         |       |     1 ||     1
 Invoke: Convert to Beogh  |       |     1 ||     1
    Use: Potion            |     2 |     1 ||     3
         Scroll            |       |     3 ||     3
   Stab: Sleeping          |     4 |     2 ||     6
 Armour: Robe              |    44 |   155 ||   199
  Dodge: Dodged            |    25 |    62 ||    87
  Block: Kite shield       |    44 |    74 ||   118

Table legend: (Time is in decaauts)
 A = Elapsed time spent in this place.
 B = Non-inter-level travel time spent in this place.
 C = Inter-level travel time spent in this place.
 D = Time resting spent in this place.
 E = Time spent auto-exploring this place.
 F = Levels seen in this place.
 G = Mean time per level.
                   A        B        C        D        E       F      G
               +--------+--------+--------+--------+--------+-----+--------+
         Total |   6112 |   5797 |    315 |    723 |   4221 |   4 | 1528.0 |
       Dungeon |   6112 |   5797 |    315 |    723 |   4221 |   4 | 1528.0 |
               +--------+--------+--------+--------+--------+-----+--------+

Top non-repeatable levels by time:
     D:2: 2934 daAuts
     D:3: 1744 daAuts
     D:1: 993 daAuts
     D:4: 439 daAuts
